 Dungeon Crawl Stone Soup version 0.21.1-1-g345015f (webtiles) character file.

44 prawnwizard the Sneak (level 3, -3/16 HPs)
             Began as a Spriggan Enchanter on July 1, 2018.
             Killed from afar by Natasha (9 damage)
             ... with a magic dart
             ... on level 2 of the Dungeon.
             The game lasted 00:05:40 (1946 turns).

prawnwizard the Sneak (Spriggan Enchanter)          Turns: 1946, Time: 00:05:40

Health: -3/16      AC:  2    Str:  4    XL:     3   Next: 41%
Magic:  1/8        EV: 18    Int: 17    God:
Gold:   44         SH:  5    Dex: 16    Spells: 4/7 levels left

rFire    . . .     SeeInvis +   f - +0 dagger (protect)
rCold    . . .     Gourm    .   k - +0 buckler
rNeg     . . .     Faith    .   b - +0 robe
rPois    .         Spirit   .   (helmet restricted)
rElec    .         Reflect  .   (no cloak)
rCorr    .         Harm     .   (gloves unavailable)
MR       .....                  (boots unavailable)
Stlth    +++.......             (no amulet)
HPRegen  0.05/turn              (no ring)
MPRegen  0.11/turn              (no ring)

@: very quick
A: very small, unfitting armour, see invisible, herbivore, speed 3, slow
metabolism 2
a: no special abilities


You were on level 2 of the Dungeon.
You were not hungry.

You visited 1 branch of the dungeon, and saw 2 of its levels.

You collected 44 gold pieces.

Inventory:

Hand Weapons
 a - a +1 dagger
 f - a +0 dagger of protection (weapon)
Armour
 b - a +0 robe (worn)
 k - a +0 buckler (worn)
Scrolls
 h - a scroll of fog {unknown}
 j - a scroll of enchant weapon {unknown}
 l - 2 scrolls of identify {unknown}
 m - a scroll of amnesia {unknown}
 n - a scroll of remove curse {unknown}
Potions
 e - 2 potions of haste {unknown}
 g - 2 potions of agility {unknown}
 i - a potion of flight {unknown}
Books
 c - a book of Maledictions

   Spells                             Type                      Level
   a - Corona                         Hexes                        1
   b - Ensorcelled Hibernation        Hexes/Ice                    2
   c - Confuse                        Hexes                        3
   d - Tukima's Dance                 Hexes                        3
   e - Dazzling Spray                 Conjuration/Hexes            3
Comestibles
 d - 7 rations


   Skills:
 - Level 1.1 Short Blades
 + Level 3.7 Dodging
 + Level 5.2 Stealth
 + Level 2.9 Spellcasting
 * Level 4.4 Hexes


You had 4 spell levels left.
You knew the following spells:

 Your Spells              Type           Power        Failure   Level  Hunger
a - Corona                Hex            ###....      4%          1    None
b - Ensorcelled Hibernat  Hex/Ice        ##....       19%         2    ##.....


Dungeon Overview and Level Annotations

Branches:
Dungeon (2/15)

Altars:

Annotations:
D:2 Natasha


Innate Abilities, Weirdness & Mutations

You are very small and have problems with some larger weapons.
You are too small for most types of armour.
You have supernaturally acute eyesight. (SInv)
You are a herbivore.
You cover ground extremely quickly.
You need consume almost no food.


Message History

Natasha hisses angrily.
Casting: Ensorcelled Hibernation
Confirm with . or Enter, or press ? or * to list all spells.
Aiming: Ensorcelled Hibernation
Press: ? - help, Shift-Dir - straight line, f/p - Natasha
Aim: Natasha (chance to defeat MR: 41%) Natasha looks drowsy...
Your magical contamination has completely faded away.
You are too injured to fight recklessly!
Natasha hisses angrily.
Natasha casts a spell at you. You resist with some effort.
Natasha stares at you and mumbles some strange words.
The magic dart hits you!
Natasha mumbles some strange words.
You feel troubled.
Natasha stares at you and mumbles some strange words.
The magic dart hits you!
Ouch! That really hurt!
You die...

...... #.##...#... ....... ..
#.##. ###. #....... #.# #h# +...
........ .. #.# ###. .......##
#.## #.##....... .##...... ...
####.###...... .....#..# # #.#
#....# #g..... .#......##.#
#.###.##.# #...... .#.#.......#
#@.##.##g# #...... .#......#####
##.##.##.# #...... ...###......#
#.##.##.# #......
....##.##.#######..#.##.#
....#<)##.#....###.#.##.#
....#(.##.#.##.# #h#....# #######
....#..........###..###h###......
....#..#.##......................
....#..........####.#...###......


You could see Natasha.

Vanquished Creatures
  A gnoll (D:2)
  A dart slug (D:1)
  2 leopard geckos (D:1)
  7 bats
  A giant cockroach (D:1)
  3 goblins (D:1)
  5 hobgoblins
  3 kobolds
  6 rats
29 creatures vanquished.

Notes
Turn   | Place    | Note
-------+----------+-------------------------------------------
     0 | D:1      | prawnwizard the Spriggan Enchanter began the quest for the Orb.
     0 | D:1      | Reached XP level 1. HP: 9/9 MP: 5/5
   590 | D:1      | Reached XP level 2. HP: 7/13 MP: 6/6
   607 | D:1      | Learned a level 2 spell: Ensorcelled Hibernation
  1112 | D:1      | Reached skill level 5 in Stealth
  1722 | D:2      | Reached XP level 3. HP: 14/16 MP: 5/8
  1866 | D:2      | Noticed Natasha
  1946 | D:2      | Killed from afar by Natasha

Skill      XL: |  1  2 |
---------------+-------+-----
Hexes          | 4 |  4.4
Stealth        | 5 |  5.2
Short Blades   | |  1.1
Dodging        | |  3.7
Spellcasting   | |  2.9

Action                   || total
-------------------------++-------
Melee: Dagger            ||   174
 Cast: Ensorcelled Hiber ||    11
 Stab: Sleeping          ||    12
Armor: Robe              ||    24
Dodge: Dodged            ||   163
Block: Buckler           ||    14
